 Dungeon Crawl Stone Soup version 0.26-a0-1222-g14533b3512 (webtiles) character file.

Game seed: 1023582041197456840

10294 wythoutpain the Basher (level 11, 0/145 HPs)
             Began as a Minotaur Berserker on Dec 31, 2020.
             Was an Elder of Trog.
             Slain by a deep troll (2 damage)
             ... on level 9 of the Dungeon.
             The game lasted 00:52:43 (9723 turns).

wythoutpain the Basher (Minotaur Berserker)         Turns: 9723, Time: 00:52:43

Health: 0/145      AC: 11    Str: 23    XL:     11   Next: 34%
Magic:  10/10      EV: 14    Int:  4    God:    Trog [****..]
Gold:   775        SH: 11    Dex: 12    Spells: 10/10 levels left

rFire    . . .     SeeInvis .   d - +3 flail (drain)
rCold    . . .     Faith    .   E - +0 buckler
rNeg     + . .     Spirit   .   Y - +0 acid dragon scales
rPois    .         Reflect  +   (helmet restricted)
rElec    .         Harm     .   v - +0 cloak
rCorr    +         Rampage  .   I - +1 pair of gloves
Will     ++...                  (no boots)
Stlth    ..........             A - amulet of reflection
HPRegen  1.34/turn              g - ring of stealth
MPRegen  0.12/turn              O - ring of positive energy

@: berserking (expiring), regenerating, very quick
A: retaliatory headbutt, horns 2
a: Renounce Religion, Berserk, Trog's Hand, Brothers in Arms


You were on level 9 of the Dungeon.
You worshipped Trog.
Trog was greatly pleased with you.
You visited 2 branches of the dungeon, and saw 10 of its levels.
You visited the Abyss 1 time.

You collected 775 gold pieces.

Inventory:

Hand Weapons
 d - a +3 flail of draining (weapon)
 p - a +2 vampiric trident
 q - a +1 mace of protection
 t - a +2 vorpal falchion
 u - a +3 quarterstaff of chaos
 N - a +0 scimitar of flaming
 S - a +3 scimitar
Missiles
 a - 67 poisoned darts
 f - 497 stones
 x - 3 throwing nets
 z - a boomerang (quivered)
 D - 31 sling bullets
 R - 4 javelins
Armour
 e - a +0 scale mail of poison resistance
 k - a +1 kite shield
 v - a +0 cloak (worn)
 E - a +0 buckler (worn)
 I - a +1 pair of gloves (worn)
 Y - +0 acid dragon scales (worn)
Jewellery
 g - a ring of stealth (left hand)
 A - an amulet of reflection (around neck)
 C - an uncursed ring of resist corrosion
 L - an uncursed ring of see invisible
 O - a ring of positive energy (right hand)
Wands
 c - a wand of digging (3)
 w - a wand of polymorph (3)
 y - a wand of flame (30)
 Q - a wand of acid (4)
 U - a wand of disintegration (9)
Scrolls
 j - 3 scrolls of magic mapping
 o - 8 scrolls of identify
 s - 14 scrolls of remove curse
 G - 3 scrolls of teleportation
 H - 2 scrolls of blinking
 T - a scroll of enchant weapon
Potions
 i - a potion of heal wounds
 l - a potion of lignification
 m - 5 potions of curing
 r - a potion of haste
 B - a potion of flight
 J - a potion of resistance
Miscellaneous
 W - a condenser vane


   Skills:
 + Level 9.1 Fighting
 + Level 5.2(9.8) Axes
 + Level 12.6(13.0) Maces & Flails
 + Level 2.4 Throwing
 + Level 8.1 Armour
 + Level 6.1 Dodging
 + Level 3.9 Stealth
 + Level 8.3 Shields
 + Level 0.1 Unarmed Combat


You had 10 spell levels left.
You didn't know any spells.
Your spell library was empty.

Dungeon Overview and Level Annotations

Branches:
Dungeon (9/15)             Temple (1/1) D:7
   Lair: D:8-11         Orc: D:9-12

Altars:
Ashenzari
Cheibriados
Dithmenos
Elyvilon
Fedhas
Gozag
Hepliaklqana
Kikubaaqudgha
Makhleb
Nemelex Xobeh
Okawaru
Qazlal
Ru
Sif Muna
Trog
Uskayaw
Vehumet
Wu Jian
Xom
Yredelemnul
Zin
The Shining One

Shops:
D:7 :

Annotations:
D:9 1 transporter


Innate Abilities, Weirdness & Mutations

You reflexively headbutt those who attack you in melee.
You have a pair of horns on your head.


Message History

The deep troll claws you!!
* * * LOW HITPOINT WARNING * * *
The tengu warrior barely misses you.
The tengu warrior pecks you but does no damage.
You block the tengu warrior's attack.
You are too berserk!
You bludgeon the two-headed ogre!!
Your headbutt misses the two-headed ogre.
The two-headed ogre is almost dead.
You block the two-headed ogre's attack.
The two-headed ogre hits you with a +0 giant club.
* * * LOW HITPOINT WARNING * * *
Unknown command.
Unknown command.
Your acid dragon scales prevents you from hitting the two-headed ogre.
Your headbutt misses the two-headed ogre.
The two-headed ogre is almost dead.
The deep troll misses you. You block the deep troll's attack.
The deep troll claws you.
You die...

#.......©...### ####
#.#...#####...## ..>#
###+..###...###..# ##.#
#....##.....# ##.## #.#
#....##.....## #..# ##.#
#...##o###.#≈ ###.# ##.#
#...#.o#§oo|###.#.# ##.#
#...#©###QOTo...#.# ##.#
#...#.....@O##..#.# ##.#
#...##....#≈#..##.#
##.####....#....###..#..#
#..........##....#.###.##
#######.#...###.©.###..#
#.......#.#...#####...##
#.###...#.###...©...###
#.##....#.# ##....###
#.##.(..#.# #.....#


You could see a tengu warrior, 2 two-headed ogres, a deep troll (berserk) and 3
orc warriors.

Vanquished Creatures
  A tentacled starspawn (Abyss:2)
  Harold (D:8)
  Erica (D:9)
  The ghost of Frask the Swashbuckler, a novice MiMo of Okawaru (D:9)
  Pikel (D:8)
  A moth of wrath (D:9)
  A gargoyle (D:7)
  Maggie (D:9)
  A tormentor (Abyss:2)
  A fire bat (Abyss:2)
  2 wyverns (D:9)
  Eustachio (D:6)
  A large abomination (Abyss:2)
  A soldier ant (D:7)
  2 black bears
  3 sky beasts
  2 ice beasts
  An orc warrior (D:9)
  3 phantoms
  6 ogres
  3 centaurs
  A big kobold (D:9)
  3 bullfrogs
  3 scorpions
  A water moccasin skeleton (D:6)
  3 killer bees (D:9)
  4 wights (D:9)
  A quasit (D:8)
  Crazy Yiuf (D:3)
  9 orc priests
  A bullfrog skeleton (D:6)
  4 hounds
  3 jellies
  A centaur skeleton (D:7)
  4 iguanas
  Ijyb (D:3)
  Terence (D:2)
  10 orc wizards
  14 worker ants
  A killer bee zombie (D:8)
  3 hound skeletons
  Robin (D:4)
  9 adders
  8 gnolls
  2 shadow imps (D:5)
  4 white imps
  2 ufetubi
  An ooze (D:3)
  An adder zombie (D:8)
  2 adder skeletons
  3 worms
  3 dart slugs
  6 leopard geckos
  20 orcs
  9 giant cockroaches
  23 goblins
  7 hobgoblins
  3 jackals (D:7)
  5 quokkas
  3 ball pythons
  8 bats
  7 frilled lizards
  9 kobolds
  9 rats
249 creatures vanquished.

Vanquished Creatures (others)
  A kobold (D:9)
  2 starspawn tentacles (Abyss:2)
3 creatures vanquished.

Grand Total: 252 creatures vanquished

Notes
Turn   | Place    | Note
-------+----------+-------------------------------------------
     0 | D:1      | wythoutpain the Minotaur Berserker began the quest for the
                  | Orb.
     0 | D:1      | Reached XP level 1. HP: 19/19 MP: 0/0
   122 | D:1      | Reached XP level 2. HP: 26/27 MP: 1/1
   476 | D:1      | Reached XP level 3. HP: 33/33 MP: 2/2
   569 | D:1      | Reached ** piety under Trog
  1124 | D:2      | Noticed Terence
  1133 | D:2      | Killed Terence
  1356 | D:2      | Reached XP level 4. HP: 41/41 MP: 3/3
  1689 | D:2      | Reached skill level 5 in Axes
  2195 | D:3      | Found a runed translucent door.
  2196 | D:3      | Noticed Crazy Yiuf
  2201 | D:3      | Killed Crazy Yiuf
  2202 | D:3      | Reached skill level 1 in Maces & Flails
  2202 | D:3      | Reached XP level 5. HP: 40/47 MP: 4/4
  2398 | D:3      | Found a glowing golden altar of the Shining One.
  2471 | D:3      | Noticed Ijyb
  2511 | D:3      | Killed Ijyb
  2512 | D:3      | Reached skill level 2 in Maces & Flails
  2854 | D:3      | Reached skill level 3 in Maces & Flails
  2903 | D:4      | Noticed Robin
  2915 | D:4      | Noticed an ogre
  2931 | D:4      | Reached skill level 1 in Shields
  2935 | D:4      | Killed an ogre
  2936 | D:4      | Reached XP level 6. HP: 29/53 MP: 5/5
  2944 | D:4      | Reached skill level 5 in Fighting
  2946 | D:4      | Reached skill level 4 in Maces & Flails
  2960 | D:4      | Killed Robin
  2960 | D:4      | Reached *** piety under Trog
  3134 | D:4      | Reached XP level 7. HP: 61/61 MP: 6/6
  3332 | D:4      | Reached skill level 5 in Maces & Flails
  3788 | D:5      | Entered Level 5 of the Dungeon
  4125 | D:5      | Reached skill level 6 in Maces & Flails
  4364 | D:5      | Reached XP level 8. HP: 67/70 MP: 7/7
  4429 | D:5      | Reached skill level 1 in Stealth
  4446 | D:5      | Reached **** piety under Trog
  4462 | D:5      | Found a sacrificial altar of Ru.
  4510 | D:5      | Reached skill level 7 in Maces & Flails
  5125 | D:6      | Reached skill level 1 in Throwing
  5375 | D:6      | Reached skill level 5 in Armour
  5380 | D:6      | Reached skill level 8 in Maces & Flails
  5633 | D:6      | Noticed Eustachio
  5644 | D:6      | Killed Eustachio
  5864 | D:6      | Got a brightly glowing steel ring
  5871 | D:6      | Reached XP level 9. HP: 78/78 MP: 8/8
  5999 | D:6      | Identified the ring "Bautiosi" {+Blink rC+ Str+2 Int+4
                  | Slay-4} (You found it on level 6 of the Dungeon)
  6042 | D:7      | Reached skill level 5 in Shields
  6361 | D:7      | Found Gaumn's Book Emporium.
  6504 | D:7      | Found an iron altar of Okawaru.
  6565 | D:7      | Found a staircase to the Ecumenical Temple.
  6586 | D:7      | Reached skill level 9 in Maces & Flails
  6732 | D:7      | Noticed a gargoyle
  6743 | D:7      | Killed a gargoyle
  6756 | D:7      | Reached skill level 5 in Dodging
  7010 | Temple   | Entered the Ecumenical Temple
  7554 | D:8      | Noticed Harold
  7578 | D:8      | Killed Harold
  7579 | D:8      | Reached skill level 10 in Maces & Flails
  7579 | D:8      | Reached XP level 10. HP: 57/88 MP: 9/9
  7728 | D:8      | Noticed Pikel
  7740 | D:8      | Killed Pikel
  7740 | D:8      | Reached ***** piety under Trog
  8412 | D:9      | Noticed a two-headed ogre
  8414 | D:9      | Noticed a two-headed ogre
  8416 | D:9      | Noticed a moth of wrath
  8546 | D:9      | Noticed Erica
  8552 | D:9      | Killed Erica
  8553 | D:9      | Reached skill level 11 in Maces & Flails
  8782 | D:9      | Found a transporter.
  8782 | D:9      | Noticed a deep troll
  8799 | D:9      | Identified the cursed +0 long sword of Plog {flame, +Rage
                  | Will+++ Dex-5 Stlth+}
  8799 | D:9      | Noticed a tengu warrior
  8801 | D:9      | Noticed Frask's ghost (novice MiMo)
  8804 | D:9      | Found a transporter.
  8810 | D:9      | Found a bloodstained altar of Trog.
  8882 | D:9      | Noticed Maggie
  8897 | D:9      | Killed Maggie
  8911 | D:9      | Cast into level 2 of the Abyss (unwielding a weapon of
                  | distortion)
  8951 | Abyss:2  | Noticed a tentacled starspawn
  9014 | Abyss:2  | Killed a tentacled starspawn
  9015 | Abyss:2  | Reached skill level 12 in Maces & Flails
  9015 | Abyss:2  | Reached XP level 11. HP: 54/95 MP: 10/10
  9018 | D:9      | Escaped the Abyss
  9718 | D:9      | Killed Frask's ghost
  9721 | D:9      | HP: 5/145 [deep troll (20)]
  9722 | D:9      | HP: 1/145 [two-headed ogre/+0 great mace of protection (5)]
  9723 | D:9      | Slain by a deep troll

Illustrated notes

Levels and vault maps discovered:
D:1:      lemuel_arrival_lava_pool, layout_loops_corners, serial_park_tiny_2,
          minmay_misc_feat_secret_circle
D:2:      layout_basic, kennysheep_generic_room_6, uniq_terence
D:3:      layout_loops_ring, nicolae_tso_carved_into_rock, uniq_ijyb,
          uniq_crazy_yiuf_cottage
D:4:      layout_loops_cross, uniq_robin
D:5:      layout_gridville, nicolae_ru_great_annihilating_truth
D:6:      layout_gridville, uniq_eustachio
D:7:      minmay_chambers_of_sixes, layout_cave_pools,
          minmay_temple_entry_glassed_door, serial_shops, shop, chequers_avenue,
          kennysheep_okawaru_gauntlet
D:8:      layout_gridville, uniq_harold, uniq_pikel
D:9:      layout_basic, gammafunk_ghost_wrathful_warriors, uniq_maggie,
          uniq_erica
Temple:   roderic_octagonal_lattice_temple

Skill      XL: |  1  2  3  4  5  6  7  8  9 10 11 |
---------------+----------------------------------+-----
Axes           | 4 5 |  5.2
Fighting       | 4 5 6 7 8 9 |  9.1
Maces & Flails | 1 3 4 6 8 10 12 | 12.6
Armour         | 3 4 5 6 8 |  8.1
Dodging        | 3 4 5 6 |  6.1
Shields        | 1 2 3 4 6 8 |  8.3
Stealth        | 2 3 |  3.9
Throwing       | 1 2 |  2.4
Unarmed Combat | |  0.1

Action                   |  1- 3 |  4- 6 |  7- 9 | 10-12 || total
-------------------------+-------+-------+-------+-------++-------
Melee: Hand axe          |    61 |       |       |       ||    61
       Headbutt          |    12 |    16 |    61 |    28 ||   117
       Flail             |    12 |   115 |   315 |   167 ||   609
       Unarmed           |       |    32 |       |       ||    32
Throw: Dart              |       |     1 |     5 |     5 ||    11
       Boomerang         |       |       |     7 |     2 ||     9
Invok: Berserk           |     1 |     2 |     2 |     4 ||     9
       Trog's Hand       |       |     1 |     1 |     1 ||     3
  Use: Scroll            |     7 |     1 |     9 |     2 ||    19
       Potion            |     1 |       |       |       ||     1
 Stab: Sleeping          |     1 |       |    10 |     3 ||    14
       Invisible         |       |       |     1 |       ||     1
Armor: Animal skin       |     6 |       |       |       ||     6
       Chain mail        |     7 |    92 |    28 |       ||   127
       Ring mail         |       |       |    51 |       ||    51
       Scale mail        |       |       |       |    14 ||    14
       Acid dragon scale |       |       |       |    14 ||    14
Dodge: Dodged            |    38 |    46 |   111 |    76 ||   271
Block: Kite shield       |    12 |    63 |    60 |       ||   135
       Reflection        |       |       |    12 |     6 ||    18
       Buckler           |       |       |   108 |    96 ||   204

Table legend: (Time is in decaauts)
 A = Elapsed time spent in this place.
 B = Non-inter-level travel time spent in this place.
 C = Inter-level travel time spent in this place.
 D = Time resting spent in this place.
 E = Time spent auto-exploring this place.
 F = Levels seen in this place.
 G = Mean time per level.
                   A        B        C        D        E       F      G
               +--------+--------+--------+--------+--------+-----+--------+
         Total |   9797 |   9257 |    540 |   1079 |   6435 |  11 |  890.6 |
       Dungeon |   9395 |   8880 |    515 |    994 |   6196 |   9 | 1043.9 |
        Temple |    291 |    266 |     25 |      0 |    239 |   1 |  291.0 |
         Abyss |    110 |    110 |      0 |     84 |      0 |   1 |  110.0 |
               +--------+--------+--------+--------+--------+-----+--------+

Top non-repeatable levels by time:
     D:5: 1337 daAuts
     D:9: 1218 daAuts
     D:7: 1125 daAuts
     D:1: 1087 daAuts
     D:2: 1024 daAuts
     D:6: 950 daAuts
     D:4: 914 daAuts
     D:8: 899 daAuts
     D:3: 836 daAuts
  Temple: 291 daAuts
 Abyss:2: 110 daAuts
